 Dungeon Crawl Stone Soup version 0.20.0 (webtiles) character file.

102 SpeedrunTech the Chopper (level 4, -5/41 HPs)
             Began as a Minotaur Berserker on June 11, 2017.
             Was a Believer of Trog.
             Slain by a hound (6 damage)
             ... on level 3 of the Dungeon.
             The game lasted 00:00:43 (1076 turns).

SpeedrunTech the Chopper (Minotaur Berserker)       Turns: 1076, Time: 00:00:43

Health: -5/41      AC:  2    Str: 21      XL:     4   Next: 49%
Magic:  3/3        EV: 12    Int:  4      God:    Trog [**....]
Gold:   92         SH:  0    Dex: 10 (11) Spells: 3/3 levels left

rFire    . . .     SeeInvis .   a - +0 hand axe
rCold    . . .     Gourm    .   (no shield)
rNeg     . . .     Faith    .   b - +0 animal skin
rPois    .         Spirit   .   (helmet restricted)
rElec    .         Reflect  .   (no cloak)
rCorr    .         Harm     .   (no gloves)
MR       .....                  (no boots)
Stlth    +.........             (no amulet)
Regen    0.2/turn               (no ring)
MPRegen  0.1/turn               (no ring)

@: berserk cooldown, flying, slowed, very slow
A: retaliatory headbutt, horns 2
a: Berserk, Trog's Hand, Burn Spellbooks, Renounce Religion


You were on level 3 of the Dungeon.
You worshipped Trog.
Trog was pleased with you.
You were very hungry.

You visited 1 branch of the dungeon, and saw 4 of its levels.

You collected 92 gold pieces.

Inventory:

Hand Weapons
 a - a +0 hand axe (weapon)
Armour
 b - a +0 animal skin (worn)
Scrolls
 e - a scroll of fear {unknown}
 i - a scroll of identify {unknown}
Potions
 g - a potion of magic {unknown}
 h - 2 potions of flight
Comestibles
 c - 2 bread rations
 d - 3 fruits


   Skills:
 + Level 4.6 Fighting
 * Level 5.7 Axes
 - Level 2.4 Armour
 - Level 2.1 Dodging


You had 3 spell levels left.
You didn't know any spells.

Dungeon Overview and Level Annotations

Branches:
Dungeon (4/15)
 Temple: D:4-7

Altars:

Annotations:
D:4 Eustachio


Innate Abilities, Weirdness & Mutations

You reflexively headbutt those who attack you in melee.
You have a pair of horns on your head.


Message History

* * * LOW HITPOINT WARNING * * *
The quasit closely misses you. You furiously retaliate!
You headbutt the quasit. The quasit claws you.
* * * LOW HITPOINT WARNING * * *
The quasit claws you but does no damage.
The hound barely misses you. The bat closely misses you.
You climb upwards.
There is a stone staircase leading down here.
Unknown command.
Unknown command.
Unknown command.
You are too injured to fight recklessly!
You closely miss the hound. The hound misses you. The hound bites you.
* * * LOW HITPOINT WARNING * * *
The hound bites you but does no damage.
Unknown command.
It was a potion of flight.
You feel very buoyant.
You fly up into the air.
The hound bites you.
You die...

#...##............##.#
###.............<......
........<#######.#.##.#
.####.#...##### #.#.##.#
........................
#####.....#######.#.##.#
#.......... .....
#####.....##### #.####
.......@..# #.#
.......h.......
#####...#.##### #.......
##..#.### #..#.# #..#
#.##


You could see a hound.

Vanquished Creatures
  Jessica (D:3)
  3 gnolls (D:4)
  A worm (D:2)
  A leopard gecko (D:1)
  An orc (D:3)
  4 giant cockroaches
  A goblin (D:2)
  6 hobgoblins
  4 jackals (D:1)
  3 quokkas
  7 bats
  2 frilled lizards (D:2)
  2 kobolds (D:1)
  3 rats (D:1)
39 creatures vanquished.

Notes
Turn   | Place    | Note
-------+----------+-------------------------------------------
     0 | D:1      | SpeedrunTech the Minotaur Berserker began the quest for the Orb.
     0 | D:1      | Reached XP level 1. HP: 19/19 MP: 0/0
    64 | D:1      | Reached skill level 4 in Axes
   128 | D:1      | Reached XP level 2. HP: 25/27 MP: 1/1
   356 | D:1      | Reached ** piety under Trog
   567 | D:2      | Reached XP level 3. HP: 32/33 MP: 2/2
   792 | D:3      | Noticed Jessica
   797 | D:3      | Killed Jessica
   797 | D:3      | Reached skill level 5 in Axes
   797 | D:3      | Reached XP level 4. HP: 34/41 MP: 3/3
   886 | D:4      | Noticed Eustachio
  1073 | D:4      | HP: 3/41 [hound (3)]
  1075 | D:3      | HP: 1/41 [hound (1)]
  1076 | D:3      | Slain by a hound

Skill      XL: |  1  2  3 |
---------------+----------+-----
Axes           | 4 5 |  5.7
Fighting       | 4 |  4.6
Armour         | |  2.4
Dodging        | |  2.1

Action                   |  1- 3 |  4- 6 || total
-------------------------+-------+-------++-------
Melee: Hand axe          |    66 |    17 ||    83
       Headbutt          |     7 |     3 ||    10
Invok: Berserk           |     1 |     2 ||     3
  Use: Potion            |       |     1 ||     1
  Eat: Chunk             |     1 |     1 ||     2
Armor: Animal skin       |    22 |     5 ||    27
Dodge: Dodged            |    55 |    33 ||    88
